 Dungeon Crawl Stone Soup version 0.28-a0-80-g9707f7362f (webtiles) character file.

Game seed: 12235167176681163870

197 pokeman the Magician (level 5, -4/29 HPs)
             Began as a Deep Elf Hedge Wizard on Aug 5, 2021.
             Splashed by a jelly's acid (7 damage)
             ... on level 4 of the Dungeon.
             The game lasted 00:05:45 (3521 turns).

pokeman the Magician (Deep Elf Hedge Wizard)        Turns: 3521, Time: 00:05:45

Health: -4/29      AC:  0    Str:  7    XL:     5   Next: 46%
Magic:  9/15       EV: 12    Int: 20    God:
Gold:   108        SH:  0    Dex: 14    Spells: 5/16 levels left

rFire   . . .      SeeInvis .   o - +1 dagger (pain)
rCold   . . .      Faith    .   (no shield)
rNeg    . . .      Spirit   .   e - +0 leather armour
rPois   .          Reflect  .   c - +0 hat
rElec   .          Harm     .   d - scarf {shadows}
rCorr   .          Rampage  .   (no gloves)
Will    .....                   (no boots)
Stlth   ++........              (no amulet)
HPRegen 0.09/turn               (no ring)
MPRegen 0.14/turn               (no ring)

@: corroded, very slightly contaminated
A: no striking features
a: no special abilities


You were on level 4 of the Dungeon.
You visited 1 branch of the dungeon, and saw 4 of its levels.

You collected 108 gold pieces.

Inventory:

Hand Weapons
 o - a +1 dagger of pain (weapon)
Missiles
 i - 19 arrows
 j - a throwing net
Armour
 c - a +0 hat (worn)
 d - a scarf of shadows (worn)
 e - a +0 leather armour (worn)
Scrolls
 a - a scroll of magic mapping {unknown}
 f - 2 scrolls of amnesia {unknown}
 k - a scroll of teleportation {unknown}
 n - a scroll of identify {unknown}
Potions
 b - a potion of attraction {unknown}
 g - a potion of magic {unknown}
 h - a potion of ambrosia {unknown}
 l - 2 potions of mutation {unknown}
 m - a potion of heal wounds {unknown}


   Skills:
 - Level 1.0 Fighting
 - Level 1.0 Armour
 - Level 3.0 Dodging
 + Level 2.7 Stealth
 * Level 6.3 Spellcasting
 + Level 2.7 Conjurations
 - Level 1.1 Summonings
 - Level 1.1 Translocations
 - Level 1.3 Fire Magic
 + Level 0.6 Poison Magic


You had 5 spell levels left.
You knew the following spells:

 Your Spells              Type           Power      Damage    Failure   Level
a - Magic Dart            Conj           68%        1d6       4%          1
b - Mephitic Cloud        Conj/Pois/Air  10%        N/A       28%         3
c - Call Imp              Summ           10%        N/A       14%         2
d - Blink                 Tloc           N/A        N/A       14%         2
e - Conjure Flame         Conj/Fire      14%        6-21      19%         3

Your spell library contained the following spells:

 Spells                   Type           Power      Damage    Failure   Level
 Sting                    Tmut/Pois      28%        1d4       13%         1
 Poisonous Vapours        Pois/Air       14%        N/A       21%         2
 Slow                     Hex            6%         N/A       22%         2
 Olgreb's Toxic Radiance  Pois           8%         N/A       75%         4


Dungeon Overview and Level Annotations

Branches:
Dungeon (4/15)
 Temple: D:4-7

Altars:
Ru
Lugonu

Portals:
Abyss: D:3


Message History

The magic dart hits the jelly.
The jelly is heavily wounded.
The jelly barely misses you.
Casting: Magic Dart (safe; 4% risk of failure)
Confirm with . or Enter, or press ? or * to list all spells.
Aiming: Magic Dart (safe; 4% risk of failure)
Press: ? - help, Shift-Dir - straight line, f/p - jelly
Aim: a jelly (heavily wounded, 100% to hit)
The magic dart hits the jelly.
The jelly is almost dead.
The jelly jiggles.
The jelly hits you but does no damage.
Casting: Magic Dart (safe; 4% risk of failure)
Confirm with . or Enter, or press ? or * to list all spells.
Aiming: Magic Dart (safe; 4% risk of failure)
Press: ? - help, Shift-Dir - straight line, f/p - jelly
Aim: a jelly (almost dead, 100% to hit)
The magic dart hits the jelly.
The jelly is almost dead.
The jelly hits you.
You are splashed with acid!
Casting: Magic Dart (safe; 4% risk of failure)
Confirm with . or Enter, or press ? or * to list all spells.
Aiming: Magic Dart (safe; 4% risk of failure)
Press: ? - help, Shift-Dir - straight line, f/p - jelly
Aim: a jelly (almost dead, 100% to hit)
The magic dart hits the jelly.
The jelly is almost dead.
The jelly hits you. The acid corrodes you!
You are splashed with acid!
* * * LOW HITPOINT WARNING * * *
Casting: Magic Dart (safe; 4% risk of failure)
Confirm with . or Enter, or press ? or * to list all spells.
Aiming: Magic Dart (safe; 4% risk of failure)
Press: ? - help, Shift-Dir - straight line, f/p - jelly
Aim: a jelly (almost dead, 100% to hit)
You miscast Magic Dart.
You are very lightly contaminated with residual magic.
Nothing appears to happen.
The jelly hits you.
* * * LOW HITPOINT WARNING * * *
You are splashed with acid!
You die...

#......#.#
##.#..#.#.#
#....##.#.#
#..#.##.#.#
#..#.##.#
#..#.# .#
#..#.#
#..#.#
#.@#..
#.!J....#
##.####.#
#.. #..
#.## #..


You could see a jelly.

Vanquished Creatures
  A black bear (D:2)
  3 gnolls
  2 dart slugs
  An orc (D:3)
  7 ball pythons
  6 endoplasms
  3 giant cockroaches
  7 goblins
  4 hobgoblins
  3 jackals (D:1)
  3 quokkas
  6 bats
  3 frilled lizards
  8 kobolds
  3 rats
60 creatures vanquished.

Vanquished Creatures (collateral kills)
  3 kobolds (D:3)
3 creatures vanquished.

Grand Total: 63 creatures vanquished

Notes
Turn   | Place    | Note
-------+----------+-------------------------------------------
     0 | D:1      | pokeman the Deep Elf Hedge Wizard began the quest for the
                  | Orb.
     0 | D:1      | Reached XP level 1. HP: 10/10 MP: 7/7
   192 | D:1      | Reached XP level 2. HP: 16/16 MP: 5/9
   650 | D:1      | Reached skill level 5 in Spellcasting
   849 | D:1      | Reached XP level 3. HP: 20/20 MP: 8/11
   872 | D:1      | Learned a level 3 spell: Mephitic Cloud
   875 | D:1      | Learned a level 2 spell: Call Imp
   878 | D:1      | Learned a level 2 spell: Blink
   882 | D:1      | Learned a level 3 spell: Conjure Flame
  1278 | D:2      | Found a sacrificial altar of Ru.
  1558 | D:2      | Reached skill level 1 in Armour
  1796 | D:2      | Reached skill level 1 in Fighting
  1861 | D:2      | Noticed a black bear
  1889 | D:2      | Killed a black bear
  1890 | D:2      | Reached skill level 6 in Spellcasting
  1890 | D:2      | Reached skill level 1 in Fire Magic
  1890 | D:2      | Reached XP level 4. HP: 21/25 MP: 1/14
  1890 | D:2      | Reached XP level 5. HP: 25/29 MP: 1/15
  2404 | D:3      | Found a large runed translucent door.
  2405 | D:3      | Found a large runed translucent door.
  2405 | D:3      | Found a corrupted altar of Lugonu.
  2568 | D:3      | Found a one-way gate to the infinite horrors of the Abyss.
  3521 | D:4      | Splashed by a jelly's acid

Illustrated notes

Levels and vault maps discovered:
D:1:      onia_arrival_mini_maze_b, layout_basic, minmay_surrounded
D:2:      layout_basic, basic_altar
D:3:      due_chaos_kobolds, layout_basic, hangedman_decor_clover_reticule,
          chequers_arboretum
D:4:      layout_basic

Skill      XL: |  1  2  3 |
---------------+----------+-----
Spellcasting   | 5 6 |  6.3
Armour         | 1 |  1.0
Fighting       | 1 |  1.0
Dodging        | 3 |  3.0
Conjurations   | 2 |  2.7
Fire Magic     | 1 |  1.3
Stealth        | |  2.7
Summonings     | |  1.1
Translocations | |  1.1
Poison Magic   | |  0.6

Action                   |  1- 3 |  4- 6 || total
-------------------------+-------+-------++-------
Melee: Dagger            |     2 |     2 ||     4
 Cast: Magic Dart        |    88 |    62 ||   150
       Conjure Flame     |     1 |       ||     1
       Mephitic Cloud    |     1 |       ||     1
       Call Imp          |       |     2 ||     2
 Stab: Sleeping          |       |     2 ||     2
Armor: Leather armour    |     2 |     7 ||     9
Dodge: Dodged            |    11 |    14 ||    25

Table legend: (Time is in decaauts)
 A = Elapsed time spent in this place.
 B = Non-inter-level travel time spent in this place.
 C = Inter-level travel time spent in this place.
 D = Time resting spent in this place.
 E = Time spent auto-exploring this place.
 F = Levels seen in this place.
 G = Mean time per level.
                   A        B        C        D        E       F      G
               +--------+--------+--------+--------+--------+-----+--------+
         Total |   3521 |   3440 |     81 |    186 |   2874 |   4 |  880.2 |
       Dungeon |   3521 |   3440 |     81 |    186 |   2874 |   4 |  880.2 |
               +--------+--------+--------+--------+--------+-----+--------+

Top non-repeatable levels by time:
     D:1: 1273 daAuts
     D:3: 1106 daAuts
     D:2: 987 daAuts
     D:4: 153 daAuts
